 Dungeon Crawl Stone Soup version 0.19.0-11-g3fc08b3 (webtiles) character file.

305 JeffiDaFish the Shield-Bearer (level 6, -1/42 HPs)
             Began as a Gargoyle Fighter on Nov 9, 2016.
             Slain by an iguana (5 damage)
             ... on level 4 of the Dungeon.
             The game lasted 00:09:05 (2774 turns).

JeffiDaFish the Shield-Bearer (Gargoyle Fighter)    Turns: 2774, Time: 00:09:06

Health: -1/42      AC: 11    Str: 22    XL:     6   Next: 39%
Magic:  6/6        EV:  8    Int:  8    God:
Gold:   116        SH: 11    Dex: 11    Spells: 0 memorised, 5 levels left

rFire  . . .     SeeInvis .     a - +1 flail
rCold  . . .     Gourm    .     b - +0 scale mail
rNeg   + . .     Faith    .     c - +1 shield
rPois  ∞         Spirit   .     (no helmet)
rElec  +         Reflect  .     (no cloak)
rCorr  .         Harm     .     (no gloves)
MR     .....                    (no boots)
Stlth  ..........               p - amulet of inaccuracy (curse)
                                (no ring)
                                (no ring)

@: invisible
A: claws 1, agile 1, negative energy resistance 1, robust 1, electricity
resistance, unbreathing, petrification resistance, rot immunity, MP-powered
wands, AC +4
a: no special abilities


You were on level 4 of the Dungeon.
You were not hungry.

You visited 1 branch of the dungeon, and saw 4 of its levels.

You collected 116 gold pieces.

Inventory:

Hand Weapons
 a - a +1 flail (weapon)
Armour
 b - a +0 scale mail (worn)
 c - a +1 shield (worn)
Jewellery
 p - a cursed amulet of inaccuracy (around neck)
Wands
 k - a wand of flame (18/48)
Scrolls
 e - 5 scrolls of identify
 l - a scroll of blinking
 n - a scroll of teleportation
Potions
 d - a potion of might
 h - a potion of haste
 j - a potion of agility
 o - a potion of berserk rage
 q - a potion of brilliance
Comestibles
 f - 5 bread rations
 i - 2 royal jellies
 m - 2 chunks of flesh


   Skills:
 + Level 4.3 Fighting
 + Level 3.7 Maces & Flails
 + Level 4.2 Armour
 + Level 1.4 Dodging
 + Level 0.5 Stealth
 + Level 4.7 Shields


You had 5 spell levels left.
You didn't know any spells.

Dungeon Overview and Level Annotations

Branches:
Dungeon (4/15)
 Temple: D:4-7

Altars:
Elyvilon
Hepliaklqana
Kikubaaqudgha
Trog

Shops:
D:4 ?


Innate Abilities, Weirdness & Mutations

You are resistant to torment.
Your stone body is resilient. (AC +4)
You are immune to poison.
You resist negative energy. (rN+)
You are resistant to electric shocks. (rElec)
You can survive without breathing.
You are immune to petrification.
You are immune to rotting.
You have sharp fingernails.
You are agile. (Dex +2)
You are robust. (+10% HP)
You expend magic power (3 MP) to strengthen your wands.


Message History

You hit the scorpion.
The scorpion is almost dead.
You block the scorpion's attack.
You barely miss the scorpion.
The scorpion is almost dead.
The scorpion barely misses you. The scorpion stings you.
* * * LOW HITPOINT WARNING * * *
Some of the chunks of flesh in your inventory have rotted away.
You miss the scorpion.
The scorpion is almost dead.
You block the scorpion's attack.
You barely miss the scorpion.
The scorpion is almost dead.
The scorpion stings you.
* * * LOW HITPOINT WARNING * * *
You hit the scorpion.
You kill the scorpion!
You fade into invisibility!
The iguana bites you.
You die...

.. ... ####### ...## #.[....
...$..######## #......
.........?...# ######......
.....[# #@# #...##......
#......#####l## #...##......
#....%.......# #...........
#!...$.......## #...........
#.>..[..?.....# #...∩.......
#.............# #..?...####.
######........###......####.
........................
###........###......#.###


You could see an iguana.

Vanquished Creatures
  A scorpion (D:4)
  A centaur skeleton (D:4)
  2 worker ants (D:4)
  Robin (D:4)
  3 gnolls (D:4)
  2 adders
  An ooze (D:1)
  3 worms
  9 dart slugs
  A leopard gecko (D:4)
  6 orcs (D:3)
  5 bats
  3 giant cockroaches
  9 hobgoblins
  4 quokkas
  A ball python (D:4)
  3 frilled lizards (D:2)
  16 goblins
  8 kobolds
  7 rats
86 creatures vanquished.

Notes
Turn   | Place    | Note
-------+----------+-------------------------------------------
     0 | D:1      | JeffiDaFish the Gargoyle Fighter began the quest for the Orb.
     0 | D:1      | Reached XP level 1. HP: 14/14 MP: 1/1
   252 | D:1      | Reached XP level 2. HP: 19/19 MP: 2/2
   474 | D:1      | Reached XP level 3. HP: 23/23 MP: 3/3
   965 | D:2      | Gained mutation: You are robust. (+10% HP) [potion of beneficial mutation]
  1196 | D:2      | Found a white marble altar of Elyvilon.
  1225 | D:2      | Reached XP level 4. HP: 30/31 MP: 4/4
  1818 | D:3      | Found a bloodstained altar of Trog.
  1911 | D:3      | Found an ancient bone altar of Kikubaaqudgha.
  2274 | D:4      | Found a hazy altar of Hepliaklqana.
  2292 | D:4      | Reached XP level 5. HP: 32/36 MP: 5/5
  2299 | D:4      | Reached skill level 1 in Dodging
  2321 | D:4      | Found Haore's Magic Scroll Shop.
  2353 | D:4      | Noticed Robin
  2385 | D:4      | Killed Robin
  2595 | D:4      | Reached XP level 6. HP: 35/41 MP: 6/6
  2663 | D:4      | Gained mutation: You expend magic power (3 MP) to strengthen your wands. [potion of mutation]
  2663 | D:4      | Gained mutation: You are agile. (Dex +2) [potion of mutation]
  2663 | D:4      | Gained mutation: You have sharp fingernails. [potion of mutation]
  2774 | D:4      | Slain by an iguana

Skill      XL: |  1  2  3  4  5 |
---------------+----------------+-----
Shields        | 4 |  4.7
Maces & Flails | 3 |  3.7
Fighting       | 4 |  4.3
Armour         | 4 |  4.2
Dodging        | 1 |  1.4
Stealth        | |  0.5

Action                   |  1- 3 |  4- 6 || total
-------------------------+-------+-------++-------
Melee: Flail             |   123 |   268 ||   391
  Use: Potion            |     6 |     6 ||    12
       Scroll            |     5 |     7 ||    12
 Stab: Invisible         |       |     3 ||     3
  Eat: Chunk             |     2 |     5 ||     7
Armor: Scale mail        |    60 |    98 ||   158
Dodge: Dodged            |    50 |    91 ||   141
Block: Shield            |    50 |   160 ||   210
